 Dungeon Crawl Stone Soup version 0.29.1-12-g30fa7ad0bf (webtiles) character file.

Game seed: 1235588185709925076

102018 Peloso the Peltast (level 15, -6/141 HPs)
             Began as a Minotaur Fighter on Dec 25, 2022.
             Was the Champion of Okawaru.
             Mangled by an ogre
             ... wielding a +0 giant club
              (7 damage)
             ... while petrified by a catoblepas
             ... on level 15 of the Dungeon.
             The game lasted 01:13:19 (25684 turns).

Peloso the Peltast (Minotaur Fighter)              Turns: 25684, Time: 01:13:20

Health: -6/141     AC: 21    Str: 27    XL:     15   Next: 85%
Magic:  17/17      EV:  2    Int:  5    God:    Okawaru [******]
Gold:   2275       SH:  0    Dex: 17    Spells: 14/14 levels left

rFire   . . .      SeeInvis +   a - +9 demon blade (flame)
rCold   . . .      Faith    .   d - +2 kite shield {reflect}
rNeg    + + +      Spirit   .   N - +0 storm dragon scales
rPois   ∞          Reflect  +   (helmet restricted)
rElec   +          Harm     .   (no cloak)
rCorr   .          Rampage  .   h - +0 pair of gloves
Will    +....                   p - +1 pair of boots
Stlth   ..........              E - amulet of regeneration
HPRegen 1.13/turn               B - +6 ring of dexterity
MPRegen 0.15/turn               t - ring of see invisible

@: petrified, studying Necromancy
A: horns 2, retaliatory headbutt
a: Renounce Religion, Heroism, Finesse, Duel


You were on level 15 of the Dungeon.
You worshipped Okawaru.
Okawaru was exalted by your worship.
You visited 4 branches of the dungeon, and saw 23 of its levels.
You visited the Abyss 1 time.
You also visited: Bailey, Ice Cave and Volcano.

You collected 2878 gold pieces.
You spent 603 gold pieces at shops.

Inventory:

Hand Weapons
 a - a +9 demon blade of flaming (weapon)
 b - a +2 long sword of flaming
 c - the +5 long sword "Kuwonuli" {vorpal, rElec rCorr Str+2 Dex-3}
   (You found it on level 4 of the Lair of Beasts)

   It inflicts extra damage upon your enemies.
   Str:       It affects your strength (+2).
   Dex:       It affects your dexterity (-3).
   rElec:     It insulates you from electricity.
   rCorr:     It protects you from acid and corrosion.
Armour
 d - a +2 kite shield of reflection (worn)
 h - a +0 pair of gloves (worn)
 p - a +1 pair of boots (worn)
 v - +1 pearl dragon scales
 N - +0 storm dragon scales (worn)
 Y - the +1 kite shield of Wuobulif {rF+ rN+}
   (Okawaru gifted it to you on level 2 of the Lair of Beasts)

   rF:        It protects you from fire.
   rN:        It protects you from negative energy.
Jewellery
 m - a ring of resist corrosion
 o - a ring of protection from cold
 t - a ring of see invisible (right hand)
 w - a ring of protection from fire
 B - a +6 ring of dexterity (left hand)
 E - an amulet of regeneration (around neck)
Wands
 n - a wand of acid (6)
 q - a wand of mindburst (11)
 F - a wand of digging (2)
Scrolls
 e - 11 scrolls of teleportation
 g - 2 scrolls of noise
 i - a scroll of silence
 j - 5 scrolls of fear
 k - a scroll of acquirement
 l - 3 scrolls of immolation
 y - 5 scrolls of blinking
 J - 3 scrolls of poison
 L - 2 scrolls of identify
 R - a scroll of magic mapping
Potions
 f - a potion of brilliance
 s - 6 potions of curing
 u - 2 potions of flight
 z - 6 potions of might
 G - a potion of berserk rage
 V - 5 potions of heal wounds
 X - 3 potions of resistance


   Skills:
 + Level 15.3 Fighting
 + Level 17.8 Long Blades
 + Level 14.9 Armour
 + Level 8.4 Dodging
 + Level 1.8 Stealth
 + Level 18.1 Shields
 + Level 4.6 Invocations
 + Level 0.5 Evocations


You had 14 spell levels left.
You didn't know any spells.
Your spell library contained the following spells:

 Spells                   Type           Power      Damage    Failure   Level
 Beastly Appendage        Tmut           0%         N/A       96%         1
 Foxfire                  Conj/Fire      0%         2x1d4     96%         1
 Slow                     Hex            0%         N/A       96%         1
 Blink                    Tloc           0%         N/A       99%         2
 Ensorcelled Hibernation  Hex/Ice        0%         N/A       99%         2
 Scorch                   Fire           0%         2d5       99%         2
 Wereblood                Tmut           0%         N/A       99%         2
 Conjure Flame            Conj/Fire      0%         6-21      100%        3
 Frozen Ramparts          Ice            0%         1d1       100%        3
 Inner Flame              Hex/Fire       0%         N/A       100%        3
 Portal Projectile        Hex/Tloc       0%         N/A       100%        3
 Spider Form              Tmut/Pois      0%         N/A       100%        3
 Flame Wave               Conj/Fire      0%         2d4       100%        4
 Ice Form                 Ice/Tmut       0%         N/A       100%        4
 Leda's Liquefaction      Hex/Erth       0%         N/A       100%        4
 Blade Hands              Tmut           0%         N/A       100%        5
 Irradiate                Conj/Tmut      0%         3d11      100%        5
 Lee's Rapid Deconstruct  Erth           0%         3d5*      100%        5
 Manifold Assault         Tloc           0%         N/A       100%        5
 Metabolic Englaciation   Hex/Ice        0%         N/A       100%        5
 Eringya's Noxious Bog    Tmut/Pois      0%         N/A       100%        6
 Statue Form              Tmut/Erth      0%         N/A       100%        6
 Dragon Form              Tmut           0%         N/A       100%        7
 Storm Form               Tmut/Air       0%         N/A       100%        7
 Discord                  Hex            0%         N/A       100%        8
 Tukima's Dance           Hex            Unusable   N/A       N/A         3
 Summon Ice Beast         Ice/Summ       Unusable   N/A       N/A         4
 Summon Forest            Summ/Tloc      Unusable   N/A       N/A         5
 Simulacrum               Ice/Necr       Unusable   N/A       N/A         6
 Summon Cactus Giant      Summ           Unusable   N/A       N/A         6
 Malign Gateway           Summ/Tloc      Unusable   N/A       N/A         7
 Summon Hydra             Summ           Unusable   N/A       N/A         7

Dungeon Overview and Level Annotations

Branches:
Dungeon (14/15)            Temple (1/1) D:5            Lair (5/5) D:11
 Shoals (0/4) Lair:2       Spider (0/4) Lair:2        Slime (0/5) Lair:4
    Orc (2/2) D:10            Elf (0/3) Orc:2        Bailey (visited)
  IceCv (visited)         Volcano (visited)
 Vaults: D:13-14

Altars:
Ashenzari
Cheibriados
Dithmenos
Fedhas
Gozag
Hepliaklqana
Kikubaaqudgha
Makhleb
Nemelex Xobeh
Okawaru
Qazlal
Ru
Sif Muna
Trog
Uskayaw
Wu Jian
Xom
Zin
The Shining One
Jiyva

Shops:
D:9 (   D:11 [   Orc:2 *(**

Annotations:
D:11 Dig
D:12 2 transporters, Amplified's ghost, journeyman MiBe


Innate Abilities, Weirdness & Mutations

You have a pair of horns on your head.
You reflexively headbutt those who attack you in melee.


Message History

The catoblepas is almost dead.
You are engulfed in calcifying dust.
You are slowing down.
You barely miss the catoblepas. You headbutt the catoblepas!
The catoblepas is almost dead.
You are engulfed in calcifying dust.
You block the catoblepas's attack. The ogre completely misses you.
Your limbs are stiffening.
Unknown command.
You slice the catoblepas!! You burn the catoblepas.
You kill the catoblepas!
Okawaru accepts your kill.
You are engulfed in calcifying dust.
Your limbs have turned to stone.
The two-headed ogre is no longer petrified.
You block the two-headed ogre's attack. x2; You have turned to stone.
You are engulfed in calcifying dust.
The ogre hits you with a +0 giant spiked club!
* * * LOW HITPOINT WARNING * * *
The ogre hits you with a +0 giant club.
* * * LOW HITPOINT WARNING * * *
The two-headed ogre hits you with a +0 giant club!
* * * LOW HITPOINT WARNING * * *
The two-headed ogre hits you with a +0 giant club!
* * * LOW HITPOINT WARNING * * *
You are engulfed in calcifying dust.
The ogre hits you but does no damage.
The two-headed ogre hits you with a +0 giant club.
* * * LOW HITPOINT WARNING * * *
The two-headed ogre hits you with a +0 giant club!
* * * LOW HITPOINT WARNING * * *
The ogre barely misses you. The ogre hits you but does no damage.
The ogre hits you with a +0 giant club!
* * * LOW HITPOINT WARNING * * *
The two-headed ogre hits you but does no damage.
The two-headed ogre hits you with a +0 giant club!!
* * * LOW HITPOINT WARNING * * *
The ogre hits you with a +0 giant spiked club!
* * * LOW HITPOINT WARNING * * *
The two-headed ogre hits you with a +0 giant club!
* * * LOW HITPOINT WARNING * * *
The two-headed ogre barely misses you. The ogre hits you with a +0 giant club!
You die...

#.......#.....#
#.......#.....#
#.......#.....#
#.......'.....#
#.......#.....#
##########.....+
#..............#
#..............#
#@O............#
#OO.......######
##.........# ...
#.....###+## ...
+.....# ..Y.
#.....# .....
#.....#
....§###+#.....#
.......YY.....#


You could see a two-headed ogre and 2 ogres.

Vanquished Creatures
  A tentacled starspawn (Abyss:2)
  A reaper (IceCv)
  The ghost of Merkmiralles the Severer, a journeyman MiBe of Trog (Lair:4)
  A fire dragon (D:9)
  5 boulder beetles
  7 hydras
  A rakshasa (Abyss:2)
  2 ogre magi
  Erolcha (Orc:1)
  A death knight (D:11)
  12 two-headed ogres
  3 centaur warriors
  2 catoblepae
  15 death yaks
  A tengu warrior (D:9)
  Urug (Lair:3)
  Sonja (Lair:1)
  A wretched star (Abyss:2)
  A goliath frog (Lair:5)
  An orb spider (Abyss:2)
  The ghost of GeoRichter the Magician, a novice DsAr of Sif Muna (D:7)
  A deep elf archer (Volcano)
  7 deep elf pyromancers (Volcano)
  An oklob plant (Lair:2)
  8 orc sorcerers (Orc:2)
  4 cyclopes
  4 ugly things
  3 manticores
  A merfolk siren (Lair:2)
  2 salamanders (shapeshifter) (Abyss:2)
  20 elephants
  3 ice statues
  A black mamba (Lair:5)
  2 torpor snails
  20 cane toads
  3 rime drakes
  2 kobold demonologists
  3 unseen horrors
  8 komodo dragons
  7 ice devils (IceCv)
  An unseen horror zombie (D:10)
  2 anaconda simulacra (IceCv)
  2 tengu conjurers (D:13)
  2 merfolk (Lair:2)
  3 polar bears
  4 trolls
  Prince Ribbit (D:7)
  3 tyrant leeches
  8 slime creatures
  23 blink frogs
  3 shadows
  A jumping spider (Lair:2)
  9 flying skulls (Abyss:2)
  3 wyverns
  4 fire elementals (Volcano)
  The ghost of peterlawrence the Cudgeller, an amateur MiFi (D:4)
  A vampire (D:11)
  49 yaks
  A wraith (D:10)
  2 basilisks
  9 vampire mosquitoes
  A death yak simulacrum (IceCv)
  2 steam dragons
  Edmund (D:6)
  11 wargs
  7 hell hounds (Volcano)
  9 water moccasins
  2 acid dragons
  11 orc warriors
  An ice beast (D:7)
  3 sky beasts
  7 ogres
  3 black bears
  4 small abominations (Abyss:2)
  6 centaurs
  3 wolves (Lair:3)
  5 kobold brigands
  Blork the orc (D:6)
  An earth elemental (Abyss:2)
  A necrophage (D:10)
  3 two-headed ogre simulacra (IceCv)
  14 bullfrogs
  5 scorpions
  A cane toad simulacrum (IceCv)
  9 wights
  3 killer bees (D:9)
  An elephant simulacrum (IceCv)
  3 howler monkeys (D:7)
  3 electric eels
  A human zombie (D:10)
  A quasit (Abyss:2)
  4 centaur zombies (D:10)
  4 jellies
  7 hounds
  5 orc priests
  A gnoll bouda (D:3)
  7 hell rats (Lair:3)
  6 iguanas
  34 orc wizards
  3 spriggan simulacra (IceCv)
  3 troll simulacra (IceCv)
  2 polar bear simulacra (IceCv)
  A wolf simulacrum (IceCv)
  4 mummies (D:10)
  4 gnolls (D:3)
  9 adders
  A naga simulacrum (IceCv)
  A shadow imp (D:5)
  2 white imps
  4 ufetubi
  9 worms
  A dart slug (D:2)
  72 orcs
  4 endoplasms
  5 giant cockroaches
  4 hobgoblins
  4 jackals
  28 kobolds
  3 quokkas (D:1)
  6 ball pythons
  4 bats
  4 frilled lizards
  9 goblins
  8 rats
678 creatures vanquished.

Vanquished Creatures (others)
  An orc priest (D:7)
  An orc wizard (Orc:2)
  2 orcs (Orc:2)
  21 fungi
  69 plants
  2 starspawn tentacles (Abyss:2)
96 creatures vanquished.

Grand Total: 774 creatures vanquished

Notes
Turn   | Place    | Note
-------+----------+-------------------------------------------
     0 | D:1      | Peloso the Minotaur Fighter began the quest for the Orb.
     0 | D:1      | Reached XP level 1. HP: 19/19 MP: 0/0
   178 | D:1      | Reached XP level 2. HP: 27/27 MP: 1/1
   493 | D:1      | Reached skill level 4 in Shields
   839 | D:1      | Reached XP level 3. HP: 31/33 MP: 2/2
  1213 | D:2      | Found a faded altar of an unknown god.
  1300 | D:2      | Reached XP level 4. HP: 36/40 MP: 3/3
  1476 | D:2      | Identified the +1 robe of Disguise {Int+7}
  2375 | D:3      | Found a blossoming altar of Fedhas.
  2397 | D:3      | Reached XP level 5. HP: 47/47 MP: 4/4
  2428 | D:3      | Identified the +0 pair of boots "Juirr" {rPois rCorr Str-2
                  | Int+4}
  2824 | D:3      | Reached skill level 5 in Long Blades
  2826 | D:3      | Reached skill level 1 in Dodging
  3127 | D:4      | Found a transporter.
  3136 | D:4      | Found a transporter.
  3137 | D:4      | Noticed peterlawrence's ghost (amateur MiFi)
  3139 | D:4      | Noticed an ogre
  3291 | D:4      | Reached XP level 6. HP: 51/53 MP: 5/5
  3594 | D:5      | Entered Level 5 of the Dungeon
  3746 | D:5      | Reached skill level 5 in Armour
  3828 | D:5      | Found an ornate altar of the Wu Jian Council.
  3867 | D:5      | Reached skill level 5 in Shields
  3892 | D:5      | Reached skill level 5 in Fighting
  3892 | D:5      | Reached XP level 7. HP: 45/61 MP: 6/6
  4334 | D:5      | Found a staircase to the Ecumenical Temple.
  4369 | Temple   | Entered the Ecumenical Temple
  4404 | Temple   | Became a worshipper of Warmaster Okawaru
  5150 | D:6      | Noticed Blork the orc
  5156 | D:6      | Noticed Edmund
  5162 | D:6      | Killed Blork the orc
  5163 | D:6      | Reached XP level 8. HP: 69/69 MP: 7/7
  5169 | D:6      | Killed Edmund
  5457 | D:6      | Reached * piety under Okawaru
  5458 | D:6      | Reached skill level 6 in Shields
  5558 | D:6      | Found a snail-covered altar of Cheibriados.
  5716 | D:6      | Identified the +4 dagger of Patterns {protect, rF+ rCorr}
  6681 | D:7      | Found a transporter.
  6682 | D:7      | Noticed a kobold demonologist
  6696 | D:7      | Noticed GeoRichter's ghost (novice DsAr)
  6706 | D:7      | Found a transporter.
  6864 | D:7      | Found an opulent altar of Gozag.
  7029 | D:7      | Noticed Prince Ribbit
  7034 | D:7      | Reached XP level 9. HP: 70/77 MP: 8/8
  7043 | D:7      | Killed Prince Ribbit
  7111 | D:7      | Reached ** piety under Okawaru
  7220 | D:7      | Noticed a two-headed ogre
  7276 | D:6      | Killed a two-headed ogre
  7277 | D:6      | Reached skill level 10 in Long Blades
  7277 | D:6      | Reached skill level 7 in Shields
  7287 | D:7      | Reached skill level 1 in Invocations
  7826 | D:7      | Identified a scroll of acquirement
  8118 | D:7      | Reached XP level 10. HP: 11/88 MP: 9/9
  8546 | D:8      | Identified the +5 chain mail of Dim Light {Rampage Dex+3}
  8574 | D:8      | Found a hide-covered altar of Uskayaw.
  8592 | D:8      | Reached *** piety under Okawaru
  8593 | D:8      | Noticed a two-headed ogre
  8608 | D:8      | Killed a two-headed ogre
  8720 | D:8      | Reached skill level 8 in Shields
  8987 | D:8      | Noticed a two-headed ogre
  8996 | D:8      | Killed a two-headed ogre
  8997 | D:8      | Reached skill level 5 in Dodging
  9175 | D:8      | Found a bloodstained altar of Trog.
  9271 | D:9      | Noticed a two-headed ogre
  9279 | D:9      | Killed a two-headed ogre
  9280 | D:9      | Reached skill level 1 in Stealth
  9360 | D:9      | Reached **** piety under Okawaru
  9388 | D:9      | Reached XP level 11. HP: 97/97 MP: 11/11
  9412 | D:9      | Found a flagged portal.
  9423 | Bailey   | Entered a bailey
  9633 | Bailey   | Got the Lectures on the Traveller and Jinxing
  9966 | D:9      | Noticed a tengu warrior
  9975 | D:9      | Killed a tengu warrior
  9976 | D:9      | Reached skill level 9 in Shields
  9986 | D:9      | Noticed a cyan ugly thing
  9993 | D:9      | Killed a cyan ugly thing
 10015 | D:9      | Noticed a catoblepas
 10018 | D:9      | Noticed a boulder beetle
 10040 | D:9      | Killed a boulder beetle
 10041 | D:9      | Reached skill level 10 in Armour
 10093 | D:9      | Killed a catoblepas
 10094 | D:9      | Identified the +3 leather armour "Efietsimu" {rPois}
 10131 | D:9      | Noticed a boulder beetle
 10161 | D:9      | Killed a boulder beetle
 10162 | D:9      | Reached skill level 10 in Shields
 10210 | D:9      | Noticed a fire dragon
 10555 | D:9      | Reached skill level 10 in Fighting
 10565 | D:9      | Reached ***** piety under Okawaru
 10612 | D:9      | Found Esiatsas's Weapon Boutique.
 10738 | D:9      | Found a sacrificial altar of Ru.
 11087 | D:10     | Entered Level 10 of the Dungeon
 11403 | D:9      | Killed a fire dragon
 11833 | D:10     | Found an opulent altar of Gozag.
 11835 | D:10     | Found a shimmering altar of Xom.
 11835 | D:10     | Found a shimmering altar of Xom.
 11837 | D:10     | Found a hazy altar of Hepliaklqana.
 11837 | D:10     | Found an ancient bone altar of Kikubaaqudgha.
 11837 | D:10     | Found a burning altar of Makhleb.
 12049 | D:10     | Found a staircase to the Orcish Mines.
 12050 | D:10     | Found a sparkling altar of Nemelex Xobeh.
 12067 | D:10     | Identified the +5 sling "Iliegule" {venom, rPois}
 12247 | D:10     | Found an ancient bone altar of Kikubaaqudgha.
 12268 | D:10     | Reached XP level 12. HP: 107/107 MP: 12/12
 12350 | D:10     | Noticed a two-headed ogre
 12359 | D:10     | Killed a two-headed ogre
 12497 | D:11     | Found Koh Ymep's Antique Armour Emporium.
 12510 | D:11     | Identified the +2 crystal plate armour of Integrity
                  | {+Blink} (Okawaru gifted it to you on level 11 of the
                  | Dungeon)
 12510 | D:11     | Received a gift from Okawaru
 12511 | D:11     | Reached skill level 11 in Shields
 12656 | D:11     | Noticed a centaur warrior
 12656 | D:11     | Noticed a death knight
 12766 | D:11     | Found a staircase to the Lair.
 13252 | Lair:1   | Entered Level 1 of the Lair of Beasts
 13281 | Lair:1   | Found a dark tunnel.
 13307 | Volcano  | Entered a volcano
 13431 | Volcano  | Reached skill level 12 in Shields
 13566 | Volcano  | Reached skill level 15 in Long Blades
 14004 | Lair:1   | Noticed Sonja
 14017 | Lair:1   | Killed Sonja
 14017 | Lair:1   | Reached ****** piety under Okawaru
 14129 | Lair:1   | Reached XP level 13. HP: 88/118 MP: 14/14
 14505 | Lair:2   | Identified the +1 kite shield of Wuobulif {rF+ rN+}
                  | (Okawaru gifted it to you on level 2 of the Lair of Beasts)
 14505 | Lair:2   | Received a gift from Okawaru
 14823 | Lair:2   | Found a staircase to the Shoals.
 15103 | Lair:2   | Found a hole to the Spider Nest.
 15145 | Lair:2   | Reached skill level 13 in Shields
 15893 | Lair:3   | Reached skill level 14 in Shields
 16036 | Lair:3   | Received a gift from Okawaru
 16449 | Lair:3   | Noticed Urug
 16465 | Lair:3   | Killed Urug
 16465 | Lair:3   | Received a gift from Okawaru
 16867 | Lair:4   | Reached XP level 14. HP: 113/129 MP: 16/16
 16981 | Lair:4   | Found a runed translucent gate.
 16981 | Lair:4   | Found a runed translucent gate.
 16983 | Lair:4   | Found a runed translucent gate.
 16984 | Lair:4   | Noticed Merkmiralles's ghost (journeyman MiBe)
 17022 | Lair:4   | Reached skill level 15 in Shields
 17208 | Lair:4   | Found a staircase to the Slime Pits.
 17209 | Lair:4   | Found a viscous altar of Jiyva.
 17618 | Lair:4   | Killed Merkmiralles's ghost
 17618 | Lair:4   | Received a gift from Okawaru
 17635 | Lair:4   | Identified the +5 long sword "Kuwonuli" {vorpal, rElec
                  | rCorr Str+2 Dex-3}
 17858 | Orc:1    | Entered Level 1 of the Orcish Mines
 17874 | Orc:1    | Noticed Erolcha
 17922 | Abyss:2  | Cast into level 2 of the Abyss (Erolcha)
 18237 | Abyss:2  | Noticed a starcursed mass
 18304 | Abyss:2  | Noticed a tentacled starspawn
 18336 | Abyss:2  | Killed a tentacled starspawn
 18391 | Orc:1    | Escaped the Abyss
 18396 | Orc:1    | Killed Erolcha
 18721 | Orc:2    | Entered Level 2 of the Orcish Mines
 18723 | Orc:2    | Found a frozen archway.
 18736 | IceCv    | Entered an ice cave
 18812 | IceCv    | Reached skill level 16 in Shields
 19079 | IceCv    | Received a gift from Okawaru
 19148 | IceCv    | Noticed a reaper
 19166 | IceCv    | Killed a reaper
 19193 | IceCv    | Got Uroblac's Incunable of Cold
 19580 | Orc:2    | Found a staircase to the Elven Halls.
 19668 | Orc:2    | Found Xed Nyh's General Store.
 19685 | Orc:2    | Found Xiopu's General Store.
 19688 | Orc:2    | Paralysed by an orc sorcerer for 4 turns
 19698 | Orc:2    | Paralysed by an orc sorcerer for 3 turns
 19729 | Orc:2    | Paralysed by an orc sorcerer for 5 turns
 19834 | Orc:2    | Bought 3 scrolls of teleportation for 153 gold pieces
 20027 | Orc:2    | Found Toedghuig's Antique Weapon Boutique.
 20027 | Orc:2    | Found Ubripef's General Store.
 20033 | Orc:2    | Bought a scroll of poison for 68 gold pieces
 20033 | Orc:2    | Bought 3 scrolls of blinking for 382 gold pieces
 20816 | D:7      | Killed GeoRichter's ghost
 20817 | D:7      | Reached skill level 17 in Shields
 21068 | D:4      | Killed peterlawrence's ghost
 21212 | D:9      | Reached XP level 15. HP: 138/138 MP: 17/17
 21348 | Lair:5   | Entered Level 5 of the Lair of Beasts
 22385 | Lair:4   | Identified the +3 great sword "Rocajukk" {vorpal, rCorr}
                  | (Okawaru gifted it to you on level 4 of the Lair of Beasts)
 22385 | Lair:4   | Received a gift from Okawaru
 24037 | D:12     | Found a transporter.
 24052 | D:12     | Found a transporter.
 24060 | D:12     | Noticed Amplified's ghost (journeyman MiBe)
 24598 | D:11     | Reached skill level 15 in Fighting
 25121 | D:13     | Reached skill level 18 in Shields
 25599 | D:14     | You fall into a shaft and drop 1 floor!
 25599 | D:15     | Entered Level 15 of the Dungeon
 25631 | D:15     | Identified the +6 double sword of Mourning {pain, Str+3
                  | Int+3} (Okawaru gifted it to you on level 15 of the
                  | Dungeon)
 25631 | D:15     | Received a gift from Okawaru
 25683 | D:15     | HP: 4/141 [ogre/+0 giant spiked club (6)]
 25684 | D:15     | HP: 1/141 [two-headed ogre/+0 giant club (4)]
 25684 | D:15     | Mangled by an ogre

Illustrated notes

Levels and vault maps discovered:
D:1:      dpeg_arrival_ratfight, layout_rooms
D:2:      layout_loops_cross, ebering_ecumenical_altar_abandoned,
          nicolae_wormholes
D:3:      layout_basic, fedhas_altar_3
D:4:      layout_cave_pools, gammafunk_ghost_smash
D:5:      layout_rooms, mainiacjoe_overflow_alcove_2, temple_pool_b
D:6:      layout_layer_cave, kennysheep_mini_moat, minmay_misc_feat_enclosed,
          uniq_blork_the_orc, uniq_edmund
D:7:      layout_layer_cave, lemuel_doored_altar, nzn_ghost_randoct,
          uniq_prince_ribbit1
D:8:      layout_basic, mainiacjoe_overflow_swirl, grunt_ministairs_10,
          mrwooster_statue_mirror
D:9:      layout_basic, overflow_temple_1_default, enter_bailey_2, serial_shops,
          kennysheep_mini, minivault_16, kennysheep_cross_bottleneck,
          minmay_evil_grid
D:10:     layout_gridville, lemuel_mausoleum_altar_kikubaaqudgha,
          nemelex_xobeh_ov_fountains_minmay, doesnt_xom_only_xom, orc_0_dummy
D:11:     layout_loops_ring, lair_entry_dummy, serial_shops, shop,
          lightli_corner_chamber
D:12:     layout_stronghold, gammafunk_ghost_stat_death,
          chequers_serial_rivers_large_a
D:13:     layout_basic, minmay_misc_feat_cross
D:14:     gammafunk_beogh_shrine, layout_cross, ximxim_vaults_locker_room,
          serial_rivers, chequers_serial_rivers_micro_e,
          chequers_serial_rivers_micro_e, chequers_serial_rivers_micro_e,
          chequers_serial_rivers_large_b, kennysheep_doodads
D:15:     grunt_enter_depths_snipers, layout_gridville, minmay_strange_pillars,
          dreamdust_wishing_well
Temple:   nicolae_temple_hex_pool
Lair:1:   layout_cellular_growth, nicolae_volcano_entry_lava_flow, uniq_sonja
Lair:2:   hellmonk_ruined_rings, layout_long_grid, elwin_shoals_entry_rooms,
          spider_nest_entry_a, minmay_lair_oklob_items
Lair:3:   layout_gridlike, grunt_megastairs_5, uniq_urug
Lair:4:   layout_loops_ring, slime_entry_1, gammafunk_ghost_hydra_chop,
          chequers_serial_rivers_room_b, lemuel_fruit_fields,
          infiniplex_staircase_pool_2, serial_bayou_shore_a
Lair:5:   minmay_lair_end_frog_pond, layout_layer_cave,
          nicolae_quartered_pool_super
Orc:1:    layout_diamond_mine, uniq_erolcha
Orc:2:    st_orc_town, layout_diamond_mine, portal_ice_cave_entry_pillars_1

Skill      XL: |  1  2  3  4  5  6  7  8  9 10 11 12 13 14 15 |
---------------+----------------------------------------------+-----
Armour         | 4 5 6 7 8 9 10 11 12 13 14 | 14.9
Fighting       | 4 5 6 7 9 10 12 13 14 15 | 15.3
Shields        | 4 5 6 7 8 10 12 14 17 18 | 18.1
Long Blades    | 3 4 5 6 7 9 10 12 14 15 16 17 | 17.8
Dodging        | 1 2 3 4 5 6 7 8 |  8.4
Invocations    | 1 2 3 4 |  4.6
Stealth        | 1 |  1.8
Evocations     | |  0.5

Action                   |  1- 3 |  4- 6 |  7- 9 | 10-12 | 13-15 || total
-------------------------+-------+-------+-------+-------+-------++-------
Melee: Long sword        |   117 |   143 |   280 |   253 |   848 ||  1641
       Headbutt          |    15 |    21 |    69 |   175 |   410 ||   690
       Scimitar          |       |       |       |   411 |       ||   411
       Demon blade       |       |       |       |       |   690 ||   690
Invok: Heroism           |       |       |     4 |    24 |    27 ||    55
Evoke: Wand              |       |       |       |     7 |     5 ||    12
  Use: Scroll            |     4 |     3 |     6 |    10 |    15 ||    38
       Potion            |       |     1 |     5 |     2 |     9 ||    17
Armor: Scale mail        |    37 |       |       |       |       ||    37
       Chain mail        |    23 |    42 |       |       |       ||    65
       Pearl dragon scal |       |    59 |   176 |    78 |       ||   313
       Storm dragon scal |       |       |       |   203 |   602 ||   805
Dodge: Dodged            |    57 |    70 |   154 |   248 |   546 ||  1075
Block: Buckler           |    25 |    47 |    84 |    65 |       ||   221
       Kite shield       |       |       |       |   335 |  1234 ||  1569
       Reflection        |       |       |       |    12 |    21 ||    33
